 Dungeon Crawl Stone Soup version 0.30-a0-223-gcb0039aa0c (webtiles) character file.

Game seed: 8869305144577977831

17399 qw the Cleaver (level 12, -5/76 HPs)
             Began as a Gargoyle Fighter on Oct 9, 2022.
             Was a High Priest of Okawaru.
             Slain by a reaper
             ... wielding a +0 scythe of protection
              (24 damage)
             ... in a Gauntlet.
             The game lasted 00:04:10 (8920 turns).

qw the Cleaver (Gargoyle Fighter)                   Turns: 8920, Time: 00:04:10

Health: -5/76      AC: 31    Str: 21    XL:     12   Next: 47%
Magic:  17/18      EV:  8    Int: 10    God:    Okawaru [*****.]
Gold:   469        SH: 13    Dex: 14    Spells: 11/11 levels left

rFire   . . .      SeeInvis .    Y - +0 war axe
rCold   . . .      Faith    .    h - +0 kite shield
rNeg    + . .      Spirit   .    j - +0 plate armour
rPois   inf        Reflect  .    (helmet restricted)
rElec   +          Harm     .    (no cloak)
rCorr   .          Rampage  .    (no gloves)
Will    .....      NoTele   +    v - +0 pair of boots of Lyjenum {Str-3 Dex+5 Slay+3 Stlth+}
Stlth   ..........               m - amulet of regeneration
HPRegen 1.12/turn                f - +4 ring of slaying {mikee}
MPRegen 0.16/turn                b - +4 ring of protection

@: heroic
A: sickness immunity, AC +8, negative energy resistance 1, electricity
resistance, torment resistance 1, petrification resistance, antennae 1,
iridescent scales 1
a: Renounce Religion, Heroism, Finesse, Duel


You were in a Gauntlet.
You worshipped Okawaru.
Okawaru was extremely pleased with you.
You visited 3 branches of the dungeon, and saw 11 of its levels.
You also visited: Sewer and Gauntlet.

You collected 469 gold pieces.


Innate Abilities, Weirdness & Mutations

You are immune to sickness and miasma.
Your stone body is resilient. (AC +8)
You are immune to poison.
You resist negative energy. (rN+)
You are resistant to electric shocks. (rElec)
You are resistant to unholy torment.
You are immune to petrification.
You have a pair of small antennae on your head.
You are partially covered in iridescent scales. (AC +2)


   Skills:
 - Level 9.0(14.0) Fighting
 + Level 11.3(16.3) Axes
 - Level 4.1(9.1) Throwing
 - Level 7.0(12.0) Armour
 - Level 2.0(7.0) Dodging
 - Level 10.0(15.0) Shields
 + Level 9.2 Invocations


You had 11 spell levels left.
You didn't know any spells.
Your spell library was empty.

Inventory:

Hand Weapons
 o - a +0 morningstar
 Y - a +0 war axe (weapon)
Missiles
 e - a silver javelin (quivered)
 t - 6 boomerangs of dispersal
 u - a javelin
Armour
 h - a +0 kite shield (worn)
 j - a +0 plate armour (worn)
 p - +0 acid dragon scales
 v - the +0 pair of boots of Lyjenum (worn) {Str-3 Dex+5 Slay+3 Stlth+}
   (You found it in a Gauntlet)

   Str:       It affects your strength (-3).
   Dex:       It affects your dexterity (+5).
   Slay:      It affects your accuracy & damage with ranged weapons and melee
   (+3).
   Stlth:     It makes you more stealthy.
Jewellery
 b - a +4 ring of protection (right hand)
 f - a +4 ring of slaying (left hand) {mikee}
 l - a ring of resist corrosion
 m - an amulet of regeneration (around neck)
Scrolls
 a - 2 scrolls of identify
 c - 4 scrolls of teleportation
Potions
 d - 3 potions of might
 g - a potion of mutation
 i - a potion of resistance
 k - 5 potions of curing
 n - a potion of attraction
 q - 2 potions of haste
 s - a potion of lignification

Dungeon Overview and Level Annotations

Branches:
Dungeon (8/15)             Temple (1/1) D:5            Lair (2/5) D:8
 Spider (0/4) Lair:2        Sewer (visited)         Gauntlet (1/1)
  Swamp: Lair:2-3    Shoals: Lair:2-3

Altars:
Ashenzari
Cheibriados
Dithmenos
Elyvilon
Fedhas
Gozag
Hepliaklqana
Kikubaaqudgha
Makhleb
Okawaru
Qazlal
Ru
Sif Muna
Trog
Vehumet
Wu Jian
Xom
Yredelemnul
Zin

Annotations:
Gauntlet 13 transporters, 17 runed translucent doors


Message History

You hit the hellwing.
The hellwing is lightly wounded.
You slash the hellwing!
The hellwing is heavily wounded.
The hellwing hits you but does no damage.
The hellwing barely misses you.
The reaper hits you from afar with a +0 scythe of protection!
You hit the hellwing but do no damage.
The hellwing is heavily wounded.
The hellwing hits you but does no damage.
The hellwing hits you.
The reaper hits you from afar with a +0 scythe of protection!
8913 ||| DRINKING potion of heal wounds.
You feel much better. You block the hellwing's attack.
The hellwing hits you but does no damage.
You block the reaper's attack.
You slash the hellwing!
The hellwing is severely wounded.
You block the hellwing's attack. x2; The reaper closely misses you.
You hit the hellwing but do no damage.
The hellwing is severely wounded.
You hit the hellwing but do no damage.
The hellwing is severely wounded.
You block the hellwing's attack. x2; The reaper completely misses you.
You slash the hellwing!
The hellwing is almost dead.
The hellwing hits you but does no damage. x2
The reaper barely misses you.
You hit the hellwing.
The hellwing is almost dead.
The hellwing hits you! The hellwing barely misses you.
The reaper closely misses you.
You hit the hellwing.
You kill the hellwing!
Okawaru accepts your kill.
The reaper hits you from afar with a +0 scythe of protection!!
Your base Dodging skill increases to level 2!
The reaper hits you with a +0 scythe of protection!!
You die...

^.^..8#### ### ### ### ### ### ##
.....~##8# #8# #8# #8# #8# #8# #8
#################################
.................................
.................................
#########.###########.###########
..!^}"..#.#..).^$=..#.#.3$.^[#.##
#..8.^#.#.#......2..#.#*.##.#!#.#
##8..##.#.#..#''@#..#.##.####..##
^#####^.#.#++#...#++#.#...###..##
...^....#.#..+...+..#.######^.###
.##.##^.#.#..+...+..#.##...#....#
##...##.#.#++#+#'#++#.##.#P.##3##
#.....#.#.#..+...+..#.#3#..#.##3#
.......h#.#..+.^.+..#.#..#.##.3##
#################################
¤¤#^...........^...........^#....


You could see a reaper, a wretched star and a neqoxec.

Vanquished Creatures
  Erica (Lair:1)
  A two-headed ogre (D:8)
  Nergalle (Lair:1)
  A necromancer (Gauntlet)
  Pikel (D:4)
  5 elephants (Lair:1)
  A torpor snail (Lair:1)
  2 black mambas
  Maggie (D:8)
  4 cane toads
  Psyche (D:8)
  A rime drake (Lair:2)
  A hellwing (Gauntlet)
  A polar bear (Lair:1)
  A meliai (Lair:2)
  2 hornets (Gauntlet)
  Grinder (D:5)
  3 blink frogs (Lair:1)
  A shadow (D:8)
  Sigmund (D:5)
  20 yaks
  2 wyverns
  A basilisk (Lair:1)
  A steam dragon (D:8)
  Menkaure (D:5)
  9 water moccasins
  Duvessa (D:5)
  2 sky beasts
  2 orc warriors
  2 centaurs
  11 wolves
  A phantom (D:4)
  A lemure (D:4)
  Blork the orc (D:5)
  4 bullfrogs
  3 necrophages
  3 scorpions
  5 wights (D:6)
  Dowan (D:5)
  6 killer bees
  3 howler monkeys
  An electric eel (Lair:2)
  A jelly (D:8)
  2 gnoll boudas
  2 hounds
  2 iguanas
  5 orc priests
  Jessica (D:2)
  Terence (D:2)
  Natasha (twice) (D:2)
  3 orc wizards
  5 hell rats (Lair:1)
  12 gnolls
  3 adders
  A shadow imp (Gauntlet)
  An ufetubus (D:7)
  2 worms
  3 dart slugs
  18 orcs
  8 ball pythons
  11 endoplasms
  5 giant cockroaches
  9 hobgoblins
  20 jackals
  12 kobolds
  A quokka (D:2)
  10 bats
  3 frilled lizards
  6 goblins
  3 rats
264 creatures vanquished.

Vanquished Creatures (others)
  A killer bee (D:8)
  5 demonic plants
  2 fungi
  5 plants
  15 withered plants
28 creatures vanquished.

Grand Total: 292 creatures vanquished

Notes
Turn   | Place    | Note
-------+----------+-------------------------------------------
     0 | D:1      | qw the Gargoyle Fighter began the quest for the Orb.
     0 | D:1      | Reached XP level 1. HP: 14/14 MP: 1/1
     0 | D:1      | 0 ||| qw: Version: 0.2-a-17-g06abaee
     0 | D:1      | 0 ||| qw: Game counter: 2141
     0 | D:1      | 0 ||| qw: Always use a shield: true
     0 | D:1      | 0 ||| qw: God list: Okawaru
     0 | D:1      | 0 ||| qw: Allow faded altars: false
     0 | D:1      | 0 ||| qw: Do Orc after D:15 true
     0 | D:1      | 0 ||| qw: Do second Lair branch before Depths: true
     0 | D:1      | 0 ||| qw: Lair rune preference: random
     0 | D:1      | 0 ||| qw: Plans: Normal, Zot:1-4, God:TSO, Crypt, Tomb,
                  | Pan, Slime:5, Hells, Abyss, Orb
     0 | D:1      | 0 ||| PLANNING D:1-11
    78 | D:1      | Reached skill level 2 in Axes
   124 | D:1      | Reached XP level 2. HP: 15/19 MP: 2/2
   195 | D:1      | 195 ||| DROPPING +0 club.
   212 | D:1      | 212 ||| Stepping ~*~*~tactically~*~*~ (hiding).
   482 | D:1      | Reached skill level 3 in Axes
   549 | D:1      | Reached XP level 3. HP: 23/23 MP: 3/3
   669 | D:1      | 669 ||| Stepping ~*~*~tactically~*~*~ (stealth).
   674 | D:1      | 674 ||| Stepping ~*~*~tactically~*~*~ (stealth).
   976 | D:1      | 976 ||| UPGRADING to ring of resist corrosion.
   977 | D:1      | 977 ||| READING 2 scrolls labelled RYITZI DOAZ.
   978 | D:1      | 978 ||| READING scroll labelled NESUHYSITA.
   979 | D:1      | 979 ||| READING scroll labelled CAMOYV BANUMP.
  1053 | D:2      | Noticed Terence
  1061 | D:2      | Killed Terence
  1062 | D:2      | Reached skill level 4 in Axes
  1062 | D:2      | Reached XP level 4. HP: 18/28 MP: 4/4
  1101 | D:2      | Found a faded altar of an unknown god.
  1195 | D:2      | Noticed Jessica
  1203 | D:2      | Killed Jessica
  1204 | D:2      | 1204 ||| FLEEEEING.
  1205 | D:2      | 1205 ||| FLEEEEING.
  1206 | D:2      | 1206 ||| FLEEEEING.
  1207 | D:2      | 1207 ||| FLEEEEING.
  1208 | D:2      | 1208 ||| FLEEEEING.
  1209 | D:2      | 1209 ||| FLEEEEING.
  1219 | D:2      | 1219 ||| STAIRDANCE
  1282 | D:2      | Reached XP level 5. HP: 32/32 MP: 5/5
  1284 | D:2      | 1284 ||| Stepping ~*~*~tactically~*~*~ (stealth).
  1287 | D:2      | Noticed Natasha
  1300 | D:2      | Killed Natasha
  1305 | D:2      | Noticed Natasha
  1309 | D:2      | Killed Natasha
  1310 | D:2      | Reached skill level 5 in Axes
  1638 | D:2      | 1638 ||| UPGRADING to +0 helmet.
  1643 | D:2      | 1643 ||| UPGRADING to amulet of regeneration.
  1648 | D:2      | 1648 ||| DRINKING 2 green potions.
  1649 | D:2      | 1649 ||| READING 3 scrolls of identify.
  1649 | D:2      | 1649 ||| IDENTIFYING glowing dark potion
  1650 | D:2      | 1650 ||| READING 2 scrolls of identify.
  1650 | D:2      | 1650 ||| IDENTIFYING fuming brown potion
  1651 | D:2      | 1651 ||| DROPPING potion of flight.
  1668 | D:3      | 1668 ||| STAIRDANCE
  1675 | D:3      | 1675 ||| STAIRDANCE
  1703 | D:3      | Reached XP level 6. HP: 16/39 MP: 6/6
  1734 | D:3      | 1734 ||| DROPPING +0 whip.
  1742 | D:3      | Found a stormy altar of Qazlal.
  1894 | D:3      | 1894 ||| Stepping ~*~*~tactically~*~*~ (hiding).
  1905 | D:3      | HP: 7/39 [orc priest/divine providence (11)]
  1906 | D:3      | 1906 ||| DRINKING potion of heal wounds.
  1912 | D:3      | Reached skill level 1 in Dodging
  1918 | D:3      | 1918 ||| DRINKING potion of curing.
  1918 | D:3      | 1918 ||| (to cure confusion)
  1952 | D:3      | Found a white marble altar of Elyvilon.
  1959 | D:3      | Found an ancient bone altar of Kikubaaqudgha.
  2164 | D:3      | Found an ornate altar of the Wu Jian Council.
  2232 | D:3      | 2232 ||| UPGRADING to +0 kite shield.
  2242 | D:3      | 2242 ||| DROPPING +0 buckler.
  2243 | D:3      | 2243 ||| UPGRADING to +0 chain mail.
  2253 | D:3      | 2253 ||| DROPPING +0 scale mail.
  2254 | D:3      | 2254 ||| READING scroll labelled DOQOEPUFAY.
  2259 | D:3      | 2259 ||| DRINKING 2 silvery potions.
  2260 | D:3      | 2260 ||| DRINKING 2 lumpy inky potions.
  2260 | D:3      | Gained mutation: You have a pair of small antennae on your
                  | head. [potion of mutation]
  2260 | D:3      | Gained mutation: You sometimes lose your temper in combat.
                  | [potion of mutation]
  2261 | D:3      | 2261 ||| DROPPING +0 helmet.
  2262 | D:3      | 2262 ||| DRINKING potion of mutation.
  2262 | D:3      | Lost mutation: You have a pair of small antennae on your
                  | head. [potion of mutation]
  2262 | D:3      | Lost mutation: You sometimes lose your temper in combat.
                  | [potion of mutation]
  2262 | D:3      | Gained mutation: You are partially covered in iridescent
                  | scales. (AC +2) [potion of mutation]
  2262 | D:3      | Gained mutation: You have a pair of small antennae on your
                  | head. [potion of mutation]
  2263 | D:3      | 2263 ||| READING 4 scrolls of identify.
  2263 | D:3      | 2263 ||| IDENTIFYING red potion
  2264 | D:3      | 2264 ||| READING 3 scrolls of identify.
  2264 | D:3      | 2264 ||| IDENTIFYING purple potion
  2265 | D:3      | 2265 ||| READING 2 scrolls of identify.
  2265 | D:3      | 2265 ||| IDENTIFYING fizzy brown potion
  2266 | D:3      | 2266 ||| DROPPING potion of brilliance.
  2267 | D:3      | 2267 ||| DROPPING potion of degeneration.
  2294 | D:4      | 2294 ||| PLANNING SEWER
  2294 | D:4      | 2294 ||| STAIRDANCE
  2301 | D:4      | 2301 ||| STAIRDANCE
  2312 | D:4      | 2312 ||| Stepping ~*~*~tactically~*~*~ (stealth).
  2319 | D:4      | 2319 ||| Stepping ~*~*~tactically~*~*~ (stealth).
  2320 | D:4      | 2320 ||| STAIRDANCE
  2325 | D:4      | 2325 ||| STAIRDANCE
  2363 | D:4      | 2363 ||| Stepping ~*~*~tactically~*~*~ (stealth).
  2364 | D:4      | 2364 ||| Stepping ~*~*~tactically~*~*~ (stealth).
  2378 | D:4      | Found a glowing drain.
  2387 | Sewer    | Entered a sewer
  2415 | Sewer    | Noticed a water moccasin
  2424 | Sewer    | Killed a water moccasin
  2425 | Sewer    | Reached XP level 7. HP: 42/44 MP: 7/7
  2459 | Sewer    | 2459 ||| UPGRADING to +4 ring of protection.
  2468 | D:4      | 2468 ||| PLANNING D:1-11
  2580 | D:4      | Found a shimmering altar of Xom.
  2626 | D:4      | Noticed Pikel
  2628 | D:4      | 2628 ||| Stepping ~*~*~tactically~*~*~ (stealth).
  2666 | D:4      | Killed Pikel
  2667 | D:4      | Reached XP level 8. HP: 35/48 MP: 8/8
  2889 | D:5      | Entered Level 5 of the Dungeon
  2910 | D:5      | Reached skill level 6 in Axes
  2910 | D:5      | 2910 ||| STAIRDANCE
  2996 | D:5      | Reached skill level 7 in Axes
  3038 | D:5      | Found a staircase to the Ecumenical Temple.
  3039 | D:5      | 3039 ||| PLANNING TEMPLE
  3039 | D:5      | 3039 ||| UPGRADING to +4 ring of slaying {mikee}.
  3041 | D:5      | 3041 ||| READING 2 scrolls of identify.
  3041 | D:5      | 3041 ||| IDENTIFYING white potion
  3042 | D:5      | 3042 ||| DROPPING potion of invisibility.
  3055 | Temple   | Entered the Ecumenical Temple
  3063 | Temple   | 3063 ||| PLANNING OKAWARU WORSHIP
  3140 | Temple   | Became a worshipper of Warmaster Okawaru
  3141 | Temple   | 3141 ||| PLANNING D:1-11
  3166 | D:5      | Noticed Sigmund
  3167 | D:5      | Noticed Menkaure
  3180 | D:5      | Killed Menkaure
  3182 | D:5      | Killed Sigmund
  3212 | D:5      | Found a radiant altar of Vehumet.
  3230 | D:5      | Noticed Blork the orc
  3231 | D:5      | 3231 ||| Stepping ~*~*~tactically~*~*~ (hiding).
  3241 | D:5      | Killed Blork the orc
  3242 | D:5      | Reached skill level 1 in Throwing
  3242 | D:5      | Reached XP level 9. HP: 38/54 MP: 9/9
  3258 | D:5      | Found a blossoming altar of Fedhas.
  3260 | D:5      | 3260 ||| Stepping ~*~*~tactically~*~*~ (hiding).
  3261 | D:5      | 3261 ||| Stepping ~*~*~tactically~*~*~ (hiding).
  3464 | D:5      | 3464 ||| Stepping ~*~*~tactically~*~*~ (stealth).
  3480 | D:5      | Noticed Grinder
  3481 | D:5      | 3481 ||| Stepping ~*~*~tactically~*~*~ (hiding).
  3482 | D:5      | 3482 ||| Stepping ~*~*~tactically~*~*~ (hiding).
  3497 | D:5      | Killed Grinder
  3497 | D:5      | Reached * piety under Okawaru
  3498 | D:5      | Reached skill level 8 in Axes
  3716 | D:5      | Noticed Duvessa
  3716 | D:5      | Noticed Dowan
  3717 | D:5      | 3717 ||| INVOKING Heroism.
  3726 | D:5      | Killed Duvessa
  3727 | D:5      | Reached skill level 1 in Invocations
  3727 | D:5      | 3727 ||| Stepping ~*~*~tactically~*~*~ (hiding).
  3730 | D:5      | 3730 ||| INVOKING Heroism.
  3736 | D:5      | Killed Dowan
  3798 | D:5      | 3798 ||| DROPPING amulet of faith.
  3799 | D:5      | 3799 ||| READING scroll labelled OTIDDO DINIM.
  3800 | D:5      | 3800 ||| READING scroll labelled POTTIZX MAADD.
  3801 | D:5      | 3801 ||| READING scroll labelled KULIME GOYL.
  3926 | D:6      | 3926 ||| Stepping ~*~*~tactically~*~*~ (stealth).
  3931 | D:6      | Reached skill level 6 in Fighting
  3982 | D:6      | 3982 ||| Stepping ~*~*~tactically~*~*~ (stealth).
  3983 | D:6      | 3983 ||| Stepping ~*~*~tactically~*~*~ (stealth).
  4020 | D:6      | Reached skill level 3 in Invocations
  4028 | D:6      | 4028 ||| Stepping ~*~*~tactically~*~*~ (stealth).
  4030 | D:6      | 4030 ||| Stepping ~*~*~tactically~*~*~ (hiding).
  4064 | D:6      | 4064 ||| Stepping ~*~*~tactically~*~*~ (stealth).
  4065 | D:6      | 4065 ||| Stepping ~*~*~tactically~*~*~ (stealth).
  4099 | D:6      | Found a broken altar of Ashenzari.
  4417 | D:6      | 4417 ||| Stepping ~*~*~tactically~*~*~ (stealth).
  4424 | D:6      | 4424 ||| Stepping ~*~*~tactically~*~*~ (stealth).
  4431 | D:6      | 4431 ||| Stepping ~*~*~tactically~*~*~ (stealth).
  4494 | D:6      | 4494 ||| Stepping ~*~*~tactically~*~*~ (hiding).
  4497 | D:6      | 4497 ||| INVOKING Heroism.
  4624 | D:6      | 4624 ||| READING scroll labelled FOIRUDGH VATU.
  4625 | D:6      | 4625 ||| READING 2 scrolls of identify.
  4625 | D:6      | 4625 ||| IDENTIFYING puce potion
  4676 | D:7      | Reached ** piety under Okawaru
  4775 | D:7      | Reached skill level 9 in Axes
  4807 | D:7      | 4807 ||| Stepping ~*~*~tactically~*~*~ (hiding).
  4902 | D:7      | 4902 ||| Stepping ~*~*~tactically~*~*~ (hiding).
  4905 | D:7      | 4905 ||| INVOKING Heroism.
  4915 | D:7      | Reached XP level 10. HP: 60/60 MP: 11/13
  5391 | D:7      | Found a burning altar of Makhleb.
  5469 | D:7      | 5469 ||| UPGRADING to +0 plate armour.
  5479 | D:7      | 5479 ||| DROPPING +0 chain mail.
  5498 | D:8      | 5498 ||| INVOKING Heroism.
  5499 | D:8      | 5499 ||| STAIRDANCE
  5517 | D:8      | 5517 ||| STAIRDANCE
  5519 | D:7      | 5519 ||| INVOKING Heroism.
  5537 | D:8      | 5537 ||| STAIRDANCE
  5560 | D:8      | 5560 ||| STAIRDANCE
  5564 | D:7      | 5564 ||| INVOKING Heroism.
  5568 | D:7      | HP: 13/63 [yak (6)]
  5569 | D:7      | 5569 ||| READING 4 scrolls of teleportation.
  5570 | D:7      | 5570 ||| DRINKING 2 potions of heal wounds.
  5658 | D:8      | 5658 ||| STAIRDANCE
  5671 | D:7      | Reached skill level 9 in Shields
  5738 | D:8      | Noticed Maggie
  5739 | D:8      | 5739 ||| Stepping ~*~*~tactically~*~*~ (hiding).
  5761 | D:8      | 5761 ||| INVOKING Heroism.
  5762 | D:8      | Killed Maggie
  5820 | D:8      | Found a staircase to the Lair.
  6030 | D:8      | Noticed Psyche
  6031 | D:8      | 6031 ||| INVOKING Heroism.
  6049 | D:8      | Killed Psyche
  6049 | D:8      | Reached *** piety under Okawaru
  6165 | D:8      | Noticed a two-headed ogre
  6166 | D:8      | 6166 ||| INVOKING Heroism.
  6177 | D:8      | Killed a two-headed ogre
  6178 | D:8      | Reached skill level 10 in Axes
  6230 | D:8      | 6230 ||| INVOKING Heroism.
  6232 | D:8      | 6232 ||| Stepping randomly (cloudy).
  6233 | D:8      | 6233 ||| Stepping randomly (cloudy).
  6449 | D:8      | 6449 ||| Stepping ~*~*~tactically~*~*~ (hiding).
  6453 | D:8      | 6453 ||| INVOKING Heroism.
  6651 | D:8      | 6651 ||| PLANNING LAIR
  6667 | Lair:1   | Entered Level 1 of the Lair of Beasts
  6667 | Lair:1   | Noticed an elephant
  6667 | Lair:1   | Noticed an elephant
  6671 | Lair:1   | Noticed an elephant
  6673 | Lair:1   | Noticed an elephant
  6674 | Lair:1   | 6674 ||| INVOKING Heroism.
  6676 | Lair:1   | Noticed a cane toad
  6684 | Lair:1   | Killed an elephant
  6685 | Lair:1   | Reached skill level 6 in Armour
  6685 | Lair:1   | Killed an elephant
  6686 | Lair:1   | Reached XP level 11. HP: 53/68 MP: 12/14
  6695 | Lair:1   | 6695 ||| INVOKING Heroism.
  6758 | Lair:1   | 6758 ||| INVOKING Heroism.
  6768 | Lair:1   | Reached **** piety under Okawaru
  6769 | Lair:1   | Reached skill level 11 in Axes
  6812 | Lair:1   | 6812 ||| INVOKING Heroism.
  6822 | Lair:1   | Received a gift from Okawaru
  6873 | Lair:1   | Noticed Nergalle
  6874 | Lair:1   | 6874 ||| INVOKING Heroism.
  6882 | Lair:1   | Killed Nergalle
  6890 | Lair:1   | 6890 ||| INVOKING Heroism.
  6896 | Lair:1   | Reached skill level 3 in Throwing
  6989 | Lair:1   | 6989 ||| INVOKING Heroism.
  7013 | Lair:1   | Found a dark tunnel.
  7028 | Lair:1   | Noticed Erica
  7029 | Lair:1   | 7029 ||| INVOKING Heroism.
  7048 | Lair:1   | Reached skill level 6 in Invocations
  7048 | Lair:1   | 7048 ||| DRINKING 5 potions of curing.
  7048 | Lair:1   | 7048 ||| (to cure confusion)
  7049 | Lair:1   | Killed Erica
  7087 | Lair:1   | 7087 ||| Stepping ~*~*~tactically~*~*~ (stealth).
  7092 | Lair:1   | 7092 ||| INVOKING Heroism.
  7242 | Lair:1   | 7242 ||| INVOKING Heroism.
  7289 | Lair:1   | 7289 ||| Stepping ~*~*~tactically~*~*~ (stealth).
  7291 | Lair:1   | 7291 ||| INVOKING Heroism.
  7296 | Lair:1   | Reached ***** piety under Okawaru
  7301 | Lair:1   | Received a gift from Okawaru
  7878 | Lair:1   | 7878 ||| DROPPING +6 ring of strength.
  7879 | Lair:1   | 7879 ||| READING 3 scrolls of identify.
  7879 | Lair:1   | 7879 ||| IDENTIFYING fizzy dark potion
  7909 | Lair:2   | 7909 ||| PLANNING GAUNTLET
  7911 | Lair:2   | 7911 ||| INVOKING Heroism.
  7916 | Lair:2   | Reached XP level 12. HP: 75/75 MP: 14/17
  7957 | Lair:2   | 7957 ||| INVOKING Heroism.
  8039 | Lair:2   | Reached skill level 9 in Fighting
  8157 | Lair:2   | 8157 ||| INVOKING Heroism.
  8166 | Lair:2   | Received a gift from Okawaru
  8184 | Lair:2   | Found a hole to the Spider Nest.
  8227 | Lair:2   | 8227 ||| INVOKING Heroism.
  8233 | Lair:2   | 8233 ||| Stepping ~*~*~tactically~*~*~ (water).
  8279 | Lair:2   | Found a gate leading to a gauntlet.
  8288 | Gauntlet | Entered a Gauntlet
  8288 | Gauntlet | Found a transporter.
  8297 | Gauntlet | Found a transporter.
  8312 | Gauntlet | Found a transporter.
  8314 | Gauntlet | Found a large runed translucent door.
  8314 | Gauntlet | Found a large runed translucent door.
  8315 | Gauntlet | Found a large runed translucent door.
  8315 | Gauntlet | Found a large runed translucent door.
  8316 | Gauntlet | Found a large runed translucent door.
  8316 | Gauntlet | Found a large runed translucent door.
  8316 | Gauntlet | Found a runed translucent door.
  8316 | Gauntlet | Found a runed translucent door.
  8316 | Gauntlet | Found a large runed translucent door.
  8317 | Gauntlet | Found a transporter.
  8332 | Gauntlet | Found a transporter.
  8332 | Gauntlet | Noticed a wretched star
  8347 | Gauntlet | Found a large runed translucent door.
  8347 | Gauntlet | Noticed a reaper
  8348 | Gauntlet | Found a large runed translucent door.
  8349 | Gauntlet | Found a large runed translucent door.
  8349 | Gauntlet | Found a large runed translucent door.
  8350 | Gauntlet | Found a runed translucent gate.
  8351 | Gauntlet | Found a transporter.
  8351 | Gauntlet | Found a runed translucent gate.
  8352 | Gauntlet | Found a runed translucent gate.
  8353 | Gauntlet | Found a large runed translucent door.
  8353 | Gauntlet | Found a large runed translucent door.
  8354 | Gauntlet | Found a large runed translucent door.
  8355 | Gauntlet | Found a large runed translucent door.
  8363 | Gauntlet | Found a transporter.
  8375 | Gauntlet | Found a transporter.
  8375 | Gauntlet | Noticed a death yak
  8377 | Gauntlet | Noticed a death yak
  8378 | Gauntlet | Noticed a death yak
  8381 | Gauntlet | Found a transporter.
  8383 | Gauntlet | Found a transporter.
  8384 | Gauntlet | Noticed a death yak
  8397 | Gauntlet | Noticed a great orb of eyes
  8400 | Gauntlet | Found a transporter.
  8412 | Gauntlet | Found a transporter.
  8430 | Gauntlet | Found a transporter.
  8447 | Gauntlet | Found a transporter.
  8449 | Gauntlet | Found a transporter.
  8459 | Gauntlet | Noticed a death scarab
  8477 | Gauntlet | Found a transporter.
  8497 | Gauntlet | Found a transporter.
  8573 | Gauntlet | Found a large runed translucent door.
  8615 | Gauntlet | Found a transporter.
  8738 | Gauntlet | 8738 ||| Stepping ~*~*~tactically~*~*~ (hiding).
  8745 | Gauntlet | Reached skill level 9 in Invocations
  8848 | Gauntlet | Identified the +0 pair of boots of Lyjenum {Str-3 Dex+5
                  | Slay+3 Stlth+}
  8850 | Gauntlet | 8850 ||| UPGRADING to +0 pair of boots of Lyjenum {Str-3
                  | Dex+5 Slay+3 Stlth+}.
  8907 | Gauntlet | 8907 ||| INVOKING Heroism.
  8912 | Gauntlet | HP: 13/76 [reaper/+0 scythe of protection (10)]
  8913 | Gauntlet | 8913 ||| DRINKING potion of heal wounds.
  8919 | Gauntlet | HP: 18/76 [reaper/+0 scythe of protection (23)]
  8920 | Gauntlet | Slain by a reaper

Levels and vault maps discovered:
D:1:      amcnicky_arrival_feature_with_door, layout_basic
D:2:      layout_rooms, shapermc_ecumenical_altar_gd, hangedman_decor_growths,
          uniq_jessica, uniq_terence, uniq_natasha
D:3:      cheibrodos_pilgrimage, layout_rooms, elyvilon_altar_1,
          pdpol_wu_jian_five_deadly_venoms, mainiacjoe_overflow_cross_hatched,
          nicolae_qazlal_scattered_showers
D:4:      layout_rooms, xom_teletrap_fun, cheibrodos_sewer_entry_drain,
          uniq_pikel
D:5:      layout_gridville, fedhas_bush_and_centaur_altar, fiery_altar_vehumet,
          minmay_temple_entry_sparse_star, chequers_serial_rivers_small_3,
          minmay_misc_feat_tiny, kennysheep_generic_room_3, uniq_grinder,
          uniq_blork_the_orc, uniq_sigmund, uniq_menkaure, uniq_duvessa
D:6:      layout_basic, ashenzari_altar_1
D:7:      layout_gridville, bloody_makhleb
D:8:      layout_basic, lair_entry_dummy, uniq_psyche, uniq_maggie
Temple:   zaba_magenta_temple
Lair:1:   layout_hall_layers, nicolae_volcano_entry_lava_flow, st_stairs_13,
          uniq_erica, uniq_nergalle
Lair:2:   layout_gridlike, hellmonk_spider_entry_not_the_bees,
          gauntlet_entry_generic, serial_rivers, chequers_serial_rivers_small_a,
          chequers_serial_rivers_small_b, chequers_serial_rivers_micro_e,
          chequers_serial_rivers_micro_c, chequers_serial_rivers_large_b,
          fungi_pond_lemuel, infiniplex_staircase_pool
Gauntlet: gammafunk_gauntlet_one_two_three [gammafunk_gauntlet_arena_corners,
          nicolae_gauntlet_arena_flowing_pool,
          gammafunk_gauntlet_arena_arrow_garden, gammafunk_gauntlet_arena_mazey,
          minmay_gauntlet_arena_make_your_own_arena,
          gammafunk_gauntlet_arena_split_x, nicolae_gauntlet_arena_t_cross,
          gammafunk_gauntlet_arena_crates, gammafunk_gauntlet_arena_chambers,
          nicolae_gauntlet_exit_dead_adventurers]

Skill      XL: |  1  2  3  4  5  6  7  8  9 10 11 12 |
---------------+-------------------------------------+-----
Axes           | 2 3 4 5 7 9 10 11 | 11.3
Fighting       | 4 5 6 7 8 9 |  9.0
Dodging        | 1 2 |  2.0
Shields        | 4 7 8 9 10 | 10.0
Throwing       | 1 4 |  4.1
Invocations    | 4 7 9 |  9.2
Armour         | 4 6 7 |  7.0

Action                   |  1- 3 |  4- 6 |  7- 9 | 10-12 || total
-------------------------+-------+-------+-------+-------++-------
Melee: War axe           |    56 |   169 |   270 |   384 ||   879
Throw: Boomerang         |    31 |    34 |    39 |     8 ||   112
       Javelin           |       |       |       |    19 ||    19
Invok: Heroism           |       |       |     4 |    24 ||    28
  Use: Scroll            |     3 |     6 |     6 |     2 ||    17
       Potion            |       |     6 |       |     3 ||     9
Armor: Scale mail        |    26 |    75 |       |       ||   101
       Chain mail        |       |    42 |   145 |     8 ||   195
       Plate armour      |       |       |       |   251 ||   251
Dodge: Dodged            |    23 |    98 |    68 |   110 ||   299
Block: Buckler           |    12 |    26 |       |       ||    38
       Kite shield       |       |    25 |   133 |   248 ||   406

Table legend:
 A = Non-vault XP
 B = Vault XP
 C = Vault XP percentage of total XP
 D = Non-vault monster count
 E = Vault monster count
 F = Vault count percentage of total count
                 A         B        C        D         E       F
            +---------+---------+-------+---------+---------+-------
      Total |   17468 |    7388 |  29.7 |     217 |      47 |  17.8
            +---------+---------+-------+---------+---------+-------
        D:1 |      70 |       0 |   0.0 |      31 |       0 |   0.0
        D:2 |      91 |     108 |  54.3 |      23 |       3 |  11.5
        D:3 |     155 |     128 |  45.2 |      26 |       7 |  21.2
        D:4 |     208 |     611 |  74.6 |      16 |       4 |  20.0
        D:5 |     479 |    1075 |  69.2 |      10 |       7 |  41.2
        D:6 |     981 |       0 |   0.0 |      19 |       0 |   0.0
        D:7 |    2244 |       0 |   0.0 |      24 |       0 |   0.0
        D:8 |    1699 |     665 |  28.1 |      15 |       2 |  11.8
     Lair:1 |    7585 |    2086 |  21.6 |      32 |       4 |  11.1
     Lair:2 |    3956 |     479 |  10.8 |      21 |       4 |  16.0
      Sewer |       0 |     158 | 100.0 |       0 |       6 | 100.0
   Gauntlet |       0 |    2078 | 100.0 |       0 |      10 | 100.0
            +---------+---------+-------+---------+---------+-------
